AoeStats
← 散步黑鵝

Arabia

503833397Analyzed
1v1 RM · 1mo ago on Sep 2, 2026· 46m 29s· 2 players
Game mode
Random Map
Map size
Tiny (2 player)
Population
200
Speed
Normal
Resources
Standard
Victory
Conquest
Starting age
Dark Age
Ending age
Imperial Age
RankedLock teamsTeams togetherTeam positionsShared explorationLock speedFull tech treeHidden civsTurbo modeCheats
Victory
Defeat
🇩🇪 Berbers · Germany
2297
+13
🇹🇼 Jurchens · Taiwan
2229
-13
散步黑鵝
5:42 Loom
8:10 Feudal Age
6:36 Loom
8:38 Double-Bit Axe
17:56 Wheelbarrow
21:46 Castle Age
20:04 Horse Collar
21:58 Light Cavalry
23:26 Husbandry
23:48 Fletching
29:54 Bow Saw
32:44 Bloodlines
34:03 Ballistics
37:34 Imperial Age
34:27 Elite Skirmisher
36:43 Padded Archer Armor
36:40 Bodkin Arrow
36:46 Padded Archer Armor
38:05 Scale Mail Armor
38:18 Bracer
39:26 Chemistry
39:57 Leather Archer Armor
40:22 Scale Mail Armor
41:46 Chain Mail Armor
Valle
6:16 Loom
8:49 Feudal Age
9:42 Double-Bit Axe
10:50 Horse Collar
21:59 Castle Age
20:25 Gold Mining
21:13 Bloodlines
21:27 Stone Mining
22:39 Scale Barding Armor
22:45 Husbandry
22:49 Light Cavalry
26:09 Wheelbarrow
25:20 Town Watch
25:49 Bow Saw
29:32 Fletching
31:01 Bodkin Arrow
32:07 Ballistics
32:00 Padded Archer Armor
36:34 Imperial Age
34:42 Leather Archer Armor
35:35 Hand Cart
35:53 Kasbah
36:25 Thumb Ring
37:07 Chain Barding Armor
37:16 Bracer
38:12 Conscription
39:05 Chemistry
39:02 Chain Barding Armor
39:45 Gold Shaft Mining
40:21 Plate Barding Armor
40:36 Masonry
41:00 Ring Archer Armor
41:04 Elite Camel Archer
43:52 Hussar
44:43 Forging
47:34 Iron Casting
47:02 Heavy Plow
Connection lost

Rejoining the realm…

Still unreachable

The connection could not be restored.

Session expired

The server has moved on; the page needs a fresh start.